Map: [ESL] Waterfall

Players

HeroMarine - Winner!

  • Race: Terran Terran
  • Spawn Location: 7:00

Spirit

  • Race: Terran Terran
  • Spawn Location: 1:00

Event: DreamHack SC2 Masters 2022 Valencia

VOD

Have the link to the VOD?

Description

Time

  • Played on: July 2, 2022, 7:43 a.m.
  • Length: 10:12

All games in this series

Show
View Real Time Build Order
Export as new Build Order

HeroMarine Terran - Winner!

Build Orders:  

Get SALT Encoding   

  12  0:00  SCV  
  13  0:12  SCV  
  14  0:17  Supply Depot  
  14  0:24  SCV  
  15  0:38  SCV  
  15  0:40  Barracks  
  16  0:43  Refinery  
  16  0:50  SCV  
  16  0:53  Refinery  
  17  1:02  SCV  
  18  1:15  SCV  
  19  1:27  Orbital Command, Reaper  
  19  1:31  Supply Depot  
  20  1:43  Factory  
  20  1:52  SCV  
  21  1:59  Reaper  
  22  2:04  SCV  
  23  2:19  Command Center  
  23  2:21  SCV  
  24  2:28  Hellion  
  26  2:32  Reaper  
  26  2:33  SCV  
  28  2:37  Supply Depot  
  28  2:45  SCV  
  28  2:49  Widow Mine  
  31  2:54  Starport  
  31  2:59  SCV  
  31  3:05  Barracks Reactor  
  32  3:11  Factory Tech Lab, SCV  
  33  3:17  Refinery  
  33  3:23  SCV  
  34  3:30  Starport Tech Lab, Cyclone  
  34  3:32  Orbital Command  
  37  3:35  SCV  
  38  3:41  Marine x2  
  38  3:47  SCV  
  41  3:53  Raven  
  43  3:58  SCV  
  43  3:59  SCV  
  45  4:09  Command Center  
  45  4:12  SCV  
  45  4:13  SCV  
  47  4:18  Siege Tank  
  47  4:22  Supply Depot  
  51  4:24  SCV  
  51  4:26  SCV  
  54  4:34  Supply Depot  
  54  4:37  Raven  
  54  4:44  SCV x2, Marine  
  57  4:49  Marine  
  57  4:50  Refinery, Siege Tank  
  61  4:56  SCV x2  
  63  5:01  Marine  
  60  5:07  Marine  
  60  5:08  SCV x2  
  63  5:20  SCV x2  
  65  5:22  Siege Tank  
  65  5:27  Orbital Command  
  66  5:28  Barracks  
  66  5:31  Barracks  
  66  5:32  SCV x2  
  68  5:36  Viking  
  68  5:38  Viking  
  68  5:41  Stimpack  
  71  5:44  SCV x2  
  73  5:50  Marine  
  73  5:55  SCV  
  73  5:56  SCV x2  
  77  6:02  Engineering Bay x2, Siege Tank  
  80  6:07  SCV  
  80  6:08  SCV  
  80  6:09  SCV  
  83  6:15  Viking  
  83  6:18  Orbital Command  
  85  6:22  Supply Depot  
  85  6:23  Barracks Reactor x2, Supply Depot  
  85  6:40  Terran Infantry Armor Level 1, Terran Infantry Weapons Level 1  
  85  6:43  SCV x2  
  85  6:44  Viking, Siege Tank  
  89  6:47  SCV  
  90  6:54  Marine  
  90  6:55  SCV x2  
  90  6:56  Sensor Tower  
  90  6:58  Viking  
  90  7:00  SCV  
  96  7:07  SCV x2  
  98  7:12  SCV  
  98  7:14  Viking  
  99  7:16  Marine x2  
  99  7:17  Marine  
  99  7:18  Marine  
  99  7:19  Marine  
  101  7:24  SCV x3, Supply Depot  
  101  7:25  Combat Shield, Supply Depot  
  101  7:26  Supply Depot  
  101  7:28  Siege Tank  
  109  7:35  Barracks  
  109  7:37  Barracks  
  109  7:41  Refinery  
  109  7:42  Refinery  
  109  7:45  SCV x3  
  109  7:48  Supply Depot  
  109  7:49  Armory  
  109  7:50  Medivac x2  
  114  7:51  Marine x2  
  114  7:52  Marine x3  
  114  7:58  SCV x3  
  122  8:04  Supply Depot  
  122  8:05  Supply Depot  
  121  8:09  Marine x3  
  121  8:10  SCV x2  
  126  8:13  SCV  
  126  8:16  Marine x2  
  132  8:20  Siege Tank  
  132  8:23  Barracks Reactor  
  132  8:24  Viking, Supply Depot  
  132  8:25  Viking, Missile Turret  
  134  8:30  Marine x2  
  134  8:31  Barracks Reactor  
  134  8:33  Marine  
  134  8:34  Marine  
  137  8:36  Marine  
  139  8:48  Marine x2  
  139  8:51  Marine  
  139  8:52  Siege Tank, Marine  
  139  8:54  Marine  
  146  8:56  Viking  
  146  8:57  Viking  
  150  9:02  Marine  
  150  9:03  Marine  
  150  9:04  Missile Turret  
  150  9:06  Marine x2  
  150  9:09  Marine  
  152  9:10  Factory, Marine x3  
  152  9:12  Marine  
  156  9:20  Marine x2  
  156  9:24  Marine x2  
  158  9:27  Marine  
  158  9:28  Marine x3  
  158  9:29  Marine  
  144  9:38  Viking, Marine x2  
  131  9:39  Siege Tank  
  131  9:42  Marine x2  
  131  9:44  Marine  
  131  9:45  Marine  
  131  9:46  Marine x2  
  137  9:54  Command Center  
  138  10:03  Barracks Reactor  
Show
View Real Time Build Order
Export as new Build Order

Spirit Terran 

Build Orders: Gas First Reaper Expand, Hellion Opening 

Get SALT Encoding   

  12  0:00  SCV  
  13  0:12  SCV  
  14  0:17  Supply Depot  
  14  0:24  SCV  
  15  0:30  Refinery  
  15  0:38  SCV  
  16  0:45  Barracks  
  16  0:51  SCV  
  17  1:03  SCV  
  18  1:15  SCV  
  19  1:31  Orbital Command  
  19  1:32  Reaper  
  20  1:34  Supply Depot  
  20  1:55  Command Center  
  20  1:57  SCV  
  21  2:08  Factory  
  21  2:11  Barracks Reactor  
  21  2:13  SCV  
  22  2:19  Refinery  
  22  2:25  SCV  
  23  2:38  SCV  
  24  2:50  SCV  
  25  2:52  Starport  
  29  2:58  Hellion x2  
  29  3:00  Barracks Tech Lab  
  29  3:03  SCV  
  30  3:07  Orbital Command  
  30  3:10  Refinery  
  30  3:15  SCV  
  33  3:20  Hellion  
  33  3:21  Hellion  
  35  3:27  SCV  
  35  3:32  SCV  
  35  3:34  Raven  
  37  3:39  SCV  
  40  3:42  Hellion  
  40  3:44  SCV  
  40  3:46  Hellion  
  40  3:47  Barracks Tech Lab  
  45  3:51  Supply Depot  
  45  3:54  SCV  
  46  4:04  Supply Depot  
  46  4:13  SCV x2  
  46  4:14  Marine x2  
  46  4:17  Raven  
  50  4:23  Supply Depot  
  52  4:25  SCV x2, Cyclone  
  57  4:32  Marine x2  
  57  4:37  SCV x2  
  61  4:47  Command Center  
  61  4:49  SCV  
  62  4:54  SCV  
  62  4:57  Siege Tank  
  66  5:01  SCV  
  66  5:03  Marine  
  66  5:06  SCV  
  69  5:10  Supply Depot  
  69  5:11  Raven, Supply Depot  
  71  5:15  Marine  
  71  5:17  SCV  
  71  5:20  Refinery, Marine  
  71  5:21  SCV  
  75  5:29  SCV  
  75  5:32  Siege Tank  
  75  5:33  SCV  
  80  5:41  SCV  
  80  5:44  Engineering Bay  
  80  5:45  Engineering Bay, SCV  
  81  5:50  Barracks x2  
  81  5:53  SCV  
  81  5:57  SCV  
  81  6:00  SCV  
  82  6:07  Viking x2  
  82  6:08  SCV  
  82  6:10  Stimpack  
  87  6:14  SCV  
  87  6:17  Siege Tank  
  86  6:31  Orbital Command  
  85  6:37  Viking, SCV x2  
  89  6:45  Viking  
  91  6:49  SCV x2  
  91  6:54  Barracks Reactor x2, Terran Infantry Armor Level 1, Terran Infantry Weapons Level 1  
  91  6:56  SCV  
  92  7:01  SCV x2  
  92  7:02  Marine  
  94  7:09  SCV  
  94  7:13  SCV, Siege Tank  
  94  7:14  SCV  
  96  7:20  Marine  
  96  7:21  Viking x2  
  101  7:23  SCV  
  101  7:25  SCV  
  101  7:26  SCV  
  104  7:30  Supply Depot  
  104  7:33  Supply Depot, Marine x2  
  104  7:35  SCV  
  104  7:37  Marine x2  
  109  7:46  Supply Depot  
  109  7:47  Supply Depot  
  109  7:50  Combat Shield  
  109  7:51  Marine  
  109  7:52  SCV x3  
  109  7:54  Siege Tank  
  109  7:57  Marine x2  
  118  7:59  Marine  
  118  8:02  Medivac x2  
  118  8:04  SCV x2  
  125  8:05  SCV  
  125  8:06  Marine  
  125  8:09  Marine  
  128  8:13  Supply Depot  
  128  8:15  Marine x2  
  128  8:16  SCV x2, Supply Depot  
  128  8:17  Marine  
  128  8:18  SCV  
  134  8:24  Marine  
  135  8:27  Marine  
  135  8:28  SCV  
  135  8:31  Armory  
  135  8:33  Marine x2  
  138  8:35  Marine  
  137  8:41  Liberator  
  137  8:42  Marine  
  137  8:45  Barracks, Marine  
  137  8:46  Barracks  
  137  8:48  Siege Tank  
  143  8:50  Marine  
  143  8:51  SCV, Marine  
  143  8:52  Marine  
  143  8:53  SCV  
  146  8:56  Refinery  
  146  8:57  Refinery  
  146  8:59  Marine  
  146  9:01  SCV  
  142  9:03  Marine  
  142  9:08  Marine  
  142  9:09  Marine, Sensor Tower  
  145  9:10  Marine  
  145  9:13  SCV  
  141  9:17  Marine  
  141  9:21  Marine  
  140  9:26  Marine x2  
  140  9:28  Marine  
  105  9:35  Marine  
  92  9:38  Marine  
  92  9:44  SCV, Marine x2  
  89  9:46  Marine  
  89  9:47  SCV  
  89  9:49  Barracks Reactor x2  
  83  9:53  Marine  
  83  9:54  SCV  
  83  9:56  SCV  

Tags
 
Add a new tag
Caveats
  • Supply blocks, unpowered buildings, or Contaminate may cause inaccurate times.
  • Supply counts are checked every 10 seconds.